 Dungeon Crawl Stone Soup version 0.19.4 (webtiles) character file.

8348 Jerry the Carver (level 11, -5/93 HPs)
             Began as a Minotaur Monk on Jan 31, 2017.
             Slain by an alligator simulacrum (14 damage)
             ... in an ice cave.
             The game lasted 00:30:29 (9736 turns).

Jerry the Carver (Minotaur Monk)                    Turns: 9736, Time: 00:30:30

Health: -5/93      AC: 13    Str: 25    XL:     11   Next: 8%
Magic:  10/10      EV: 18    Int: 13    God:
Gold:   448        SH:  0    Dex: 19    Spells: 1 memorised, 9 levels left

rFire  + . .     SeeInvis .     d - +3 scimitar (flame)
rCold  . . .     Gourm    .     A - +8 ring mail of Virtue {Str+3 Int+4}
rNeg   . . .     Faith    .     (no shield)
rPois  .         Spirit   .     (helmet restricted)
rElec  .         Reflect  .     (no cloak)
rCorr  .         Harm     .     (no gloves)
MR     .....                    (no boots)
Stlth  ++........               C - amulet "Taumopitatt" {RegenMP Str+4}
                                e - ring of wizardry
                                (no ring)

@: agile
A: retaliatory headbutt, horns 2, blink, clever 1, deformed body, fire
resistance 1, frail 1
a: Blink


You were in an ice cave.
You were not hungry.

You visited 2 branches of the dungeon, and saw 9 of its levels.
You also visited: Ossuary and Ice Cave.

You collected 598 gold pieces.
You spent 150 gold pieces at shops.

Inventory:

Hand Weapons
 d - a +3 scimitar of flaming (weapon)
Armour
 A - the +8 ring mail of Virtue (worn) {Str+3 Int+4}
   (You found it on level 4 of the Dungeon)

   It affects your strength (+3).
   It affects your intelligence (+4).
Jewellery
 e - a ring of wizardry (right hand)
 C - the amulet "Taumopitatt" (around neck) {RegenMP Str+4}
   (You found it on level 6 of the Dungeon)

   [amulet of magic regeneration]

   It increases your magic regeneration.
   It affects your strength (+4).
Wands
 k - a wand of confusion (33/48)
 x - a wand of acid (9/15)
 F - a wand of acid (4/15)
 G - a wand of lightning (5/15)
Scrolls
 b - 2 scrolls of amnesia
 g - a scroll of recharging
 i - a scroll of enchant armour
 q - a scroll of identify
 r - a scroll of immolation
 y - 2 scrolls of teleportation
 D - 2 scrolls of remove curse
Potions
 j - 4 potions of brilliance
 l - a potion of magic
 m - 2 potions of curing
 p - 2 potions of ambrosia
 u - 3 potions of invisibility {unknown}
 v - 3 potions of lignification
 w - a potion of flight
Books
 f - a book of Conjurations

   Spells                             Type                      Level
   a - Magic Dart                     Conjuration                  1
   b - Searing Ray                    Conjuration                  2
   c - Dazzling Spray                 Conjuration/Hexes            3
   d - Fulminant Prism                Conjuration/Hexes            4
   e - Iskenderun's Mystic Blast      Conjuration                  4
   f - Iskenderun's Battlesphere      Conjuration/Charms           5
 h - a book of Frost

   Spells                             Type                      Level
   a - Freeze                         Ice                          1
   b - Throw Frost                    Conjuration/Ice              2
   c - Ozocubu's Armour               Charms/Ice                   3
   d - Throw Icicle                   Conjuration/Ice              4
   e - Summon Ice Beast               Ice/Summoning                4
 s - a book of Changes

   Spells                             Type                      Level
   a - Beastly Appendage              Transmutation                1
   b - Sticks to Snakes               Transmutation                2
   c - Spider Form                    Transmutation/Poison         3
   d - Ice Form                       Ice/Transmutation            4
   e - Blade Hands                    Transmutation                5
Miscellaneous
 z - a phial of floods (inert)
Comestibles
 a - 3 chunks of flesh
 c - 4 bread rations
 n - 8 slices of pizza
 o - 3 beef jerkies
 t - 3 fruits
 B - 3 royal jellies


   Skills:
 + Level 12.0 Fighting
 + Level 12.2 Long Blades
 + Level 11.7 Armour
 - Level 3.2 Dodging
 - Level 1.5 Stealth


You had 9 spell levels left.
You knew the following spells:

 Your Spells              Type           Power        Failure   Level  Hunger
a - Beastly Appendage     Tmut           #.....       17%         1    ##.....


Dungeon Overview and Level Annotations

Branches:
Dungeon (8/15)             Temple (0/1) D:5            Lair (1/6) D:8

Altars:
Yredelemnul

Shops:
D:4 *

Annotations:
D:3 Schimscham's ghost, amateur NaWz


Innate Abilities, Weirdness & Mutations

You reflexively headbutt those who attack you in melee.
You have a pair of horns on your head.
You can translocate small distances at will.
Your mind is acute. (Int +2)
Armour fits poorly on your strangely shaped body.
Your flesh is heat resistant. (rF+)
You are frail. (-10% HP)


Message History

You furiously retaliate!
You headbutt the alligator simulacrum!
The alligator simulacrum closely misses you.
You are too injured to fight recklessly!
You slice the alligator simulacrum!!
You melt the alligator simulacrum.
The alligator simulacrum vapourises!
The polar bear simulacrum misses you. You furiously retaliate!
You headbutt the polar bear simulacrum.
You riposte.
You hit the polar bear simulacrum but do no damage.
You headbutt the polar bear simulacrum!
The polar bear simulacrum is heavily damaged.
The polar bear simulacrum barely misses you.
The polar bear simulacrum claws you but does no damage.
The alligator simulacrum barely misses you. x2
You hit the polar bear simulacrum but do no damage.
You headbutt the polar bear simulacrum, but do no damage.
The polar bear simulacrum is heavily damaged.
The alligator simulacrum bites you!
* * * LOW HITPOINT WARNING * * *
The alligator simulacrum freezes you!
You die...

#####
##...##
##.§@..##
#..Z§Z..#
#...∩...#
##.....##
##...##
#...#
##...
#...#
...##


You could see an alligator simulacrum and a polar bear simulacrum.

Vanquished Creatures
  A hydra (Lair:1)
  Erica (D:8)
  The ghost of Yarinad the Shield-Bearer, a novice HuFi of Makhleb (D:5)
  A komodo dragon (D:8)
  Grinder (D:6)
  A hippogriff (Lair:1)
  A basilisk (Lair:1)
  A yak (D:7)
  3 hogs (D:7)
  A hungry ghost (D:7)
  A human (D:7)
  The ghost of Jynx the Chiller, an amateur MfIE (D:4)
  3 water moccasins
  An orc warrior (D:7)
  A sky beast (D:7)
  A black bear (D:6)
  An alligator simulacrum (IceCv)
  9 ice beasts
  7 ogres
  2 centaurs
  2 crocodiles (Lair:1)
  6 bullfrogs
  2 scorpions
  2 crimson imps
  3 hounds
  4 jellies
  A gnoll shaman (D:7)
  A human zombie (Ossuary)
  3 orc priests
  3 orc wizards
  An iguana (D:7)
  6 worker ants
  A wolf simulacrum (IceCv)
  A big kobold zombie (Ossuary)
  2 hound skeletons
  2 hound zombies
  4 mummies (Ossuary)
  5 gnolls
  10 adders
  2 shadow imps (D:7)
  2 adder zombies
  3 worms
  4 dart slugs
  3 leopard geckos (D:4)
  18 orcs
  5 giant cockroaches
  7 goblins
  7 hobgoblins
  16 jackals
  5 quokkas
  A ball python (D:1)
  6 bats
  6 frilled lizards
  3 gnoll zombies (Ossuary)
  A hobgoblin zombie (Ossuary)
  10 kobolds
  A leopard gecko skeleton (D:6)
  A leopard gecko zombie (D:7)
  3 orc zombies (Ossuary)
  26 rats
  A rat zombie (Ossuary)
229 creatures vanquished.

Vanquished Creatures (collateral kills)
  Gastronok (Lair:1)
1 creature vanquished.

Vanquished Creatures (others)
  4 plants (D:8)
4 creatures vanquished.

Grand Total: 234 creatures vanquished

Notes
Turn   | Place    | Note
-------+----------+-------------------------------------------
     0 | D:1      | Jerry the Minotaur Monk began the quest for the Orb.
     0 | D:1      | Reached XP level 1. HP: 19/19 MP: 0/0
   245 | D:1      | Reached skill level 1 in Armour
   301 | D:1      | Reached XP level 2. HP: 27/27 MP: 1/1
   759 | D:1      | Reached XP level 3. HP: 33/33 MP: 2/2
  1526 | D:2      | Reached XP level 4. HP: 21/41 MP: 3/3
  2171 | D:3      | Reached skill level 5 in Long Blades
  2226 | D:3      | Reached XP level 5. HP: 45/47 MP: 4/4
  2376 | D:3      | Noticed Schimscham's ghost (amateur NaWz)
  2675 | D:4      | Noticed Jynx's ghost (amateur MfIE)
  2698 | D:4      | Found a sand-covered staircase.
  2725 | Ossuary  | Entered an ossuary
  2748 | Ossuary  | Reached skill level 5 in Fighting
  3025 | Ossuary  | Reached XP level 6. HP: 39/56 MP: 5/5
  3528 | D:4      | Found a basalt altar of Yredelemnul.
  3622 | D:4      | Noticed an orc warrior
  3654 | D:4      | Found Fenal's Assorted Antiques.
  3662 | D:4      | Bought a potion of berserk rage for 150 gold pieces
  3923 | D:4      | Killed Jynx's ghost
  3923 | D:4      | Reached skill level 5 in Armour
  4336 | D:4      | Reached XP level 7. HP: 56/63 MP: 6/6
  4729 | D:4      | Got a pearl-encrusted ring mail
  4740 | D:4      | Identified the +8 ring mail of Virtue {Str+3 Int+4} (You found it on level 4 of the Dungeon)
  4918 | D:5      | Entered Level 5 of the Dungeon
  4969 | D:5      | Reached XP level 8. HP: 52/73 MP: 7/7
  5008 | D:5      | Found a staircase to the Ecumenical Temple.
  5162 | D:5      | Noticed Yarinad's ghost (novice HuFi)
  5181 | D:5      | Killed Yarinad's ghost
  6092 | D:6      | Reached XP level 9. HP: 82/82 MP: 8/8
  6174 | D:6      | Got a brightly glowing steel amulet
  6203 | D:6      | Noticed Grinder
  6229 | D:6      | Paralysed by Grinder for 3 turns
  6234 | D:6      | Killed Grinder
  6973 | D:7      | Reached skill level 10 in Long Blades
  6978 | D:7      | Reached skill level 10 in Fighting
  7439 | D:7      | Gained mutation: You are frail. (-10% HP) [mutagenic meat]
  7440 | D:7      | Gained mutation: You are dopey. (Int -2) [mutagenic meat]
  7441 | D:7      | Gained mutation: You can translocate small distances at will. [mutagenic meat]
  7442 | D:7      | Lost mutation: You are dopey. (Int -2) [mutagenic meat]
  7835 | D:7      | Identified the amulet "Taumopitatt" {RegenMP Str+4} (You found it on level 6 of the Dungeon)
  7841 | D:7      | Gained mutation: Your mind is acute. (Int +2) [potion of mutation]
  7841 | D:7      | Gained mutation: Your flesh is heat resistant. (rF+) [potion of mutation]
  7841 | D:7      | Gained mutation: Armour fits poorly on your strangely shaped body. [potion of mutation]
  8088 | D:8      | Reached skill level 10 in Armour
  8498 | D:8      | Noticed Erica
  8511 | D:8      | Reached XP level 10. HP: 84/84 MP: 9/9
  9024 | D:8      | Found a staircase to the Lair.
  9176 | D:8      | Killed Erica
  9346 | Lair:1   | Entered Level 1 of the Lair of Beasts
  9377 | Lair:1   | Learned a level 1 spell: Beastly Appendage
  9486 | Lair:1   | Noticed an eight-headed hydra
  9495 | Lair:1   | Killed a four-headed hydra
  9594 | Lair:1   | Noticed Gastronok
  9607 | Lair:1   | Killed Gastronok
  9623 | Lair:1   | Noticed a spiny frog
  9683 | Lair:1   | Found a frozen archway.
  9696 | Lair:1   | Reached XP level 11. HP: 93/93 MP: 10/10
  9725 | IceCv    | Entered an ice cave
  9736 | IceCv    | Slain by an alligator simulacrum

Skill      XL: |  1  2  3  4  5  6  7  8  9 10 11 |
---------------+----------------------------------+-----
Armour         | 1 2 3 4 5 6 8 10 11 | 11.7
Long Blades    | 4 5 6 7 9 10 12 | 12.2
Fighting       | 4 5 6 7 8 10 11 12 | 12.0
Dodging        | |  3.2
Stealth        | |  1.5

Action                   |  1- 3 |  4- 6 |  7- 9 | 10-12 || total
-------------------------+-------+-------+-------+-------++-------
Melee: Falchion          |     7 |       |       |       ||     7
       Dagger            |    59 |       |       |       ||    59
       Headbutt          |     9 |    52 |    88 |    25 ||   174
       Short sword       |    11 |   241 |   377 |    38 ||   667
       Scimitar          |       |       |       |    67 ||    67
       Kick              |       |       |       |     1 ||     1
 Fire: Hunting sling     |    15 |       |       |       ||    15
Throw: Stone             |       |       |     4 |       ||     4
 Cast: Beastly Appendage |       |       |       |     1 ||     1
 Abil: Blink             |       |       |     1 |     1 ||     2
Evoke: Phial of floods   |       |       |       |     1 ||     1
  Use: Scroll            |       |     5 |    14 |     4 ||    23
       Potion            |       |     2 |     3 |     3 ||     8
 Stab: Sleeping          |     2 |     2 |       |       ||     4
       Distracted        |     1 |       |     1 |       ||     2
       Invisible         |       |     1 |       |       ||     1
  Eat: Chunk             |     2 |     8 |    18 |     4 ||    32
       Bread ration      |     1 |       |       |       ||     1
       Fruit             |       |     1 |       |       ||     1
       Beef jerky        |       |       |       |     1 ||     1
Armor: Robe              |    18 |    11 |       |       ||    29
       Ring mail         |       |    45 |   149 |    43 ||   237
Dodge: Dodged            |    42 |   153 |   184 |    51 ||   430
       Rpst.: Scimitar   |       |       |       |     8 ||     8
